 Dungeon Crawl Stone Soup version 0.30-a0-1124-g6e8f0f562f (webtiles) character file.

Game seed: 17212480979152387996

283070 Warped the Acrobat (level 20, -12/168 HPs)
             Began as a Merfolk Gladiator on Apr 21, 2023.
             Was the Champion of Makhleb.
             Mangled by Mennas
             ... wielding a +1 eudemon blade of holy wrath
              (31 damage)
             ... on level 3 of the Vaults on Apr 23, 2023.
             The game lasted 01:52:47 (37251 turns).

Warped the Acrobat (Merfolk Gladiator)             Turns: 37251, Time: 01:52:48

Health: -12/168    AC: 27    Str: 22    XL:     20   Next: 55%
Magic:  26/26      EV: 29    Int:  8    God:    Makhleb [******]
Gold:   1869       SH: 23    Dex: 26    Spells: 16/19 levels left

rFire   + + .        a - +9 demon trident (elec)
rCold   + . .        k - +2 kite shield {rC+}
rNeg    + . .        i - +0 pearl dragon scales
rPois   .            c - +2 helmet
rElec   +            H - +2 cloak of the Brewing Gods {rElec rF+ Regen+ SInv}
rCorr   +            o - +1 Delatra's gloves {ID++}
SInv    +            x - +0 pair of boots
Will    +....        j - amulet of reflection Stlth
                     A - ring "Xakkywuf" {rCorr Int+2}
HPRegen 1.28/turn    M - +6 ring of dexterity
MPRegen 0.20/turn

%: reflection
@: glowing, silenced
A: (nimble swimmer 2), mertail, fire resistance 1, strong 1
}: 2/15 runes: decaying, gossamer
a: Renounce Religion


You were on level 3 of the Vaults.
You worshipped Makhleb.
Makhleb was exalted by your worship.
You visited 6 branches of the dungeon, and saw 33 of its levels.
You visited the Abyss 1 time.

You collected 3233 gold pieces.
You spent 1364 gold pieces at shops.

Inventory:

Hand Weapons
 a - a +9 demon trident of electrocution (weapon)
 b - the +8 trident of the Octopus King {venom, rElec rPois}
   (You found it on level 11 of the Dungeon)

   rElec:     It insulates you from electricity.
   rPois:     It protects you from poison.
 d - a +2 war axe of flaming
 V - a +3 bardiche
Missiles
 e - 16 javelins (quivered)
 m - 287 stones
 z - 52 poisoned darts
 W - 18 curare-tipped darts
Armour
 c - a +2 helmet (worn)
 i - +0 pearl dragon scales (worn)
 k - a +2 kite shield of cold resistance (worn)
 o - the +1 Delatra's gloves (worn) {ID++}
   (You found it on level 6 of the Dungeon)

   ID++:      It heals its wearer when they drink unknown potions, and restores
   their MP when they read unknown scrolls.
 x - a +0 pair of boots (worn)
 B - +0 swamp dragon scales
 C - +0 acid dragon scales
 H - the +2 cloak of the Brewing Gods (worn) {rElec rF+ Regen+ SInv}
   (You found it on level 3 of the Lair of Beasts)

   rF:        It protects you from fire.
   rElec:     It insulates you from electricity.
   SInv:      It lets you see invisible.
   Regen:     It increases your rate of health regeneration.
 U - +0 fire dragon scales
Jewellery
 j - an amulet of reflection (around neck)
 l - a ring of willpower
 A - the ring "Xakkywuf" (left hand) {rCorr Int+2}
   (You found it on level 5 of the Dungeon)

   [ring of resist corrosion]

   Int:       It affects your intelligence (+2).
   rCorr:     It protects you from acid and corrosion.
 D - a ring of protection from cold
 G - a ring of protection from fire
 M - a +6 ring of dexterity (right hand)
 R - a ring of positive energy
Wands
 s - a wand of flame (37)
 v - a wand of digging (11)
 w - a wand of charming (15)
 F - a wand of roots (61)
 L - a wand of mindburst (7)
Scrolls
 h - 5 scrolls of magic mapping
 n - 2 scrolls of teleportation
 q - 2 scrolls of fear
 u - a scroll of blinking
 y - 4 scrolls of enchant armour
 E - 2 scrolls of enchant weapon
 O - 11 scrolls of identify
 Y - 5 scrolls of fog
Potions
 f - 4 potions of cancellation
 g - 4 potions of might
 p - 5 potions of magic
 r - 5 potions of ambrosia
 t - 4 potions of resistance
 I - 3 potions of haste
 J - 3 potions of invisibility
 K - a potion of brilliance
 P - 2 potions of curing
 Q - 5 potions of flight
Miscellaneous
 N - a lightning rod (2/4)
 S - a phantom mirror (inert)
 Z - a box of beasts (inert)


   Skills:
 + Level 17.1 Fighting
 - Level 18.4 Polearms
 - Level 2.0 Throwing
 + Level 12.6 Armour
 + Level 23.5 Dodging
 * Level 15.1 Shields
 + Level 9.1 Invocations
 + Level 8.2 Evocations


You had 16 spell levels left.
You knew the following spells:

 Your Spells              Type           Power      Damage    Failure   Level
a - Foxfire               Conj/Fire      0%         2x1d4     85%         1
b - Blink                 Tloc           0%         N/A       94%         2

Your spell library contained the following spells:

 Spells                   Type           Power      Damage    Failure   Level
 Apportation              Tloc           0%         N/A       85%         1
 Beastly Appendage        Tmut           0%         N/A       85%         1
 Necrotise                Necr           0%         1d4       85%         1
 Summon Small Mammal      Summ           0%         N/A       85%         1
 Poisonous Vapours        Pois/Air       0%         N/A       94%         2
 Static Discharge         Conj/Air       0%         2-2/arc   94%         2
 Wereblood                Tmut           0%         N/A       94%         2
 Call Canine Familiar     Summ           0%         N/A       99%         3
 Dazzling Flash           Conj/Hex       0%         N/A       99%         3
 Inner Flame              Hex/Fire       0%         N/A       99%         3
 Mephitic Cloud           Conj/Pois/Air  0%         N/A       99%         3
 Spider Form              Tmut/Pois      0%         N/A       99%         3
 Volatile Blastmotes      Fire/Tloc      0%         2d10      99%         3
 Airstrike                Air            0%         2d(0-16)  100%        4
 Iskenderun's Mystic Bla  Conj/Tloc      0%         2d3       100%        4
 Manifold Assault         Tloc           0%         N/A       100%        4
 Olgreb's Toxic Radiance  Pois           0%         N/A       100%        4
 Summon Lightning Spire   Summ/Air       0%         N/A       100%        4
 Fireball                 Conj/Fire      0%         3d3       100%        5
 Freezing Cloud           Conj/Ice/Air   0%         6-21      100%        5
 Iskenderun's Battlesphe  Conj           0%         2d6       100%        5
 Summon Forest            Summ/Tloc      0%         N/A       100%        5
 Yara's Violent Unravell  Hex/Tmut       0%         3d3       100%        5
 Conjure Ball Lightning   Conj/Air       0%         3x3d6     100%        6
 Plasma Beam              Fire/Air       0%         2x1d11    100%        6
 Starburst                Conj/Fire      0%         6d3       100%        6
 Enfeeble                 Hex            0%         N/A       100%        7
 Orb of Destruction       Conj           0%         9d5       100%        7
 Storm Form               Tmut/Air       0%         N/A       100%        7
 Discord                  Hex            0%         N/A       100%        8
 Ignition                 Fire           0%         3d3       100%        8


Dungeon Overview and Level Annotations

Branches:
Dungeon (15/15)            Temple (0/1) D:7            Lair (5/5) D:10
  Swamp (4/4) Lair:2       Spider (4/4) Lair:3        Slime (0/5) Lair:4
    Orc (2/2) D:11            Elf (0/3) Orc:2        Vaults (3/5) D:13
 Depths (0/4) D:15
  Crypt: Vaults:2-3

Altars:
Ashenzari
Cheibriados
Dithmenos
Elyvilon
Fedhas
Makhleb
Okawaru
Qazlal
Sif Muna
Trog
Uskayaw
Vehumet
Xom
Zin
The Shining One
Lugonu

Shops:
D:14 **:([:   D:15 ([   Orc:2 ?!=(

Portals:
Abyss: Lair:5

Annotations:
Spider:1 2 transporters, kougar's ghost, journeyman MiFi
Vaults:3 Mennas; Sojobo


Innate Abilities, Weirdness & Mutations

((You are very nimble when in or above water. (Stealth+, EV+, Speed+++)))
Your lower body shifts to a powerful aquatic tail in water.
Your flesh is heat resistant. (rF+)
Your muscles are strong. (Str +4, Int/Dex -1)


Message History

Unknown command.
Unknown command.
You feel better.
The red ugly thing seems less confused.
Mennas gestures frantically.
Mennas is healed somewhat.
Unknown command.
You closely miss Mennas.
Mennas is almost dead.
Mennas gestures frantically.
Mennas's surroundings become eerily quiet.
Unknown command.
Unknown command.
Mennas blocks your attack.
Mennas is almost dead.
Mennas completely misses you. You block Mennas's attack. Mennas misses you.
Mennas hits you with a +1 eudemon blade of holy wrath!!
Unknown command.
Unknown command.
The +8 trident of the Octopus King {venom, rElec rPois} stops dripping with poison.
You see sparks fly.
a - a +9 demon trident of electrocution (weapon)
Mennas blocks your attack.
Mennas is almost dead.
The red ugly thing no longer looks unusually strong.
You block Mennas's attack.
Mennas hits you with a +1 eudemon blade of holy wrath!!
* * * LOW HITPOINT WARNING * * *
Unknown command.
Unknown command.
Mennas blocks your attack.
Mennas is almost dead.
You block Mennas's attack.
Mennas hits you with a +1 eudemon blade of holy wrath!!
* * * LOW HITPOINT WARNING * * *
Unknown command.
Unknown command.
Magic scrolls do not work when you're silenced!
You feel better.
Mennas hits you with a +1 eudemon blade of holy wrath!!
You die...

....#
#########.....##.....'.....
#...# ##############.....
##..# #..<.. .##.# #.....
..#.# ### ######### .##.#
..# #........ ##..#
#####.########........
#...#
#...#.#......#........
....# '.#
#@#......#........ ....# p.
#A#......#........ #####
pW###p#......#........
.#.#V#......#........
'.#c#......'...)..).
#.#p#......#........
####'###u)c.....########'
....W..).######## #.#.
##'####### ##.#


You could see Mennas (strong, silencing, very poisoned), a yaktaur captain, a
red ugly thing, a vampire mage, a vault sentinel and an ironbound convoker.

Vanquished Creatures
  Margery (Vaults:3)
  the Lernaean hydra (Swamp:4)
  Arachne (Spider:2)
  Rupert (D:14)
  Mlioglotl (Swamp:2)
  A sphinx (Vaults:3)
  Gastronok (D:10)
  An Executioner (Abyss:2)
  2 tengu reavers (Vaults:3)
  A thorn hunter (Swamp:4)
  A fenstrider witch (Swamp:2)
  Louise (D:14)
  3 vault wardens
  4 ghost moths
  2 ghouls (Swamp:3)
  9 emperor scorpions (Spider:4)
  An orc warlord (Vaults:1)
  An angel (Abyss:2)
  6 ironbound preservers
  11 very ugly things
  3 ironbound thunderhulks
  A war gargoyle (Vaults:2)
  A stone giant (Vaults:1)
  A broodmother (Spider:1)
  5 dire elephants
  A black draconian (Abyss:2)
  5 bunyips
  4 eleionomae
  2 spark wasps (Spider:2)
  2 ettins
  A crystal guardian (Vaults:2)
  Josephine (D:15)
  A deep elf death mage (Vaults:1)
  A green death (Abyss:2)
  9 entropy weavers
  A yaktaur captain (Vaults:1)
  2 great orbs of eyes
  21 hydras
  3 vault guards
  7 jorogumos
  The ghost of Orangeyouglad the Ducker, a journeyman HuRe of the Shining One (D:10)
  A peacekeeper (Vaults:2)
  2 catoblepae (Lair:3)
  A ghost crab (Swamp:3)
  7 centaur warriors
  A death knight (D:14)
  A radroach (Spider:2)
  4 ironbound frosthearts
  4 two-headed ogres
  A boulder beetle (shapeshifter) (D:15)
  9 alligators
  3 boulder beetles
  2 tengu warriors (D:12)
  The ghost of GigaChad the Trooper, a novice FoFi of Gozag (D:9)
  A death yak (Lair:4)
  4 orc high priests (Orc:2)
  4 thrashing horrors
  A skyshark (Lair:2)
  Sonja (Lair:4)
  2 wretched stars (Abyss:2)
  A deep elf knight (Spider:4)
  5 skeletal warriors
  7 hell knights (Vaults:3)
  2 sixfirhies (Abyss:2)
  4 goliath frogs
  2 sun moths (Spider:4)
  4 pharaoh ants
  21 deep trolls
  5 spriggan druids
  2 lindwurms (Vaults:1)
  2 glowing orange brains
  10 ironbound convokers
  4 bog bodies
  12 orb spiders
  20 swamp dragons
  A deep elf archer (Spider:4)
  3 harpies (Vaults:1)
  13 steelbarb worms
  2 wizards (Vaults:3)
  A harpy (shapeshifter) (D:14)
  3 orc sorcerers (Orc:2)
  7 orc knights
  42 ugly things
  23 wolf spiders
  6 cyclopes
  5 deep elf pyromancers
  2 manticores (D:13)
  2 will-o-the-wisps
  3 moths of wrath
  An oklob plant (Lair:2)
  Maurice (D:9)
  8 vault sentinels
  5 elephants (Lair:4)
  4 demonic crawlers
  5 cane toads
  5 smoke demons
  6 black mambas
  5 torpor snails
  An eye of devastation (Abyss:2)
  An unseen horror (D:12)
  3 gargoyles
  2 rime drakes
  A freezing wraith (D:15)
  A tengu conjurer (D:13)
  17 yaktaurs
  5 komodo dragons
  5 tyrant leeches
  3 ancient zymes
  A troll (shapeshifter) (Lair:5)
  4 meliai
  5 hornets
  A polar bear (Lair:4)
  4 trolls
  27 tarantellas
  24 blink frogs
  8 large abominations
  24 culicivoras
  31 slime creatures
  39 jumping spiders
  4 flying skulls
  A shadow (D:11)
  8 spriggans
  A vampire (D:12)
  A wyvern (shapeshifter) (Lair:5)
  6 wraiths
  A ynoxinul (Abyss:2)
  9 wyverns
  2 fire bats (Lair:3)
  89 yaks
  57 redbacks
  A neqoxec (D:10)
  2 steam dragons
  12 vampire mosquitoes
  4 basilisks
  2 acid dragons
  13 swamp worms
  2 wargs (Orc:1)
  10 water moccasins
  A hell hound (Spider:4)
  25 orc warriors
  9 swamp drakes
  3 sky beasts
  12 wolves
  2 ogres
  13 centaurs
  17 small abominations
  3 kobold brigands
  3 gnoll sergeants
  3 scorpions
  11 bullfrogs
  3 wights (D:9)
  6 killer bees (D:9)
  5 howler monkeys
  2 electric eels
  A crimson imp (D:5)
  2 hounds
  4 quasits
  8 jellies
  15 orc priests
  8 iguanas
  Jessica (D:3)
  Natasha (twice) (D:3)
  18 orc wizards
  A sleepcap (D:6)
  A statue (D:8)
  A boggart simulacrum (D:14)
  14 gnolls
  7 adders
  3 white imps
  2 ufetubi
  3 worms
  3 dart slugs
  79 orcs
  6 ball pythons
  8 endoplasms
  4 giant cockroaches
  5 goblins
  11 hobgoblins
  22 kobolds
  6 quokkas
  3 bats
  4 frilled lizards
  3 rats
  2 bushes (D:1)
1224 creatures vanquished.

Vanquished Creatures (collateral kills)
  A daeva (Abyss:2)
  A yaktaur captain (Vaults:3)
  A catoblepas (Lair:4)
  A yak (Lair:4)
  A small abomination (Abyss:2)
  An electric eel (Lair:5)
6 creatures vanquished.

Vanquished Creatures (others)
  A goliath frog (Swamp:3)
  A wizard (Vaults:1)
  A demonic crawler (Spider:1)
  A bloated husk (Swamp:1)
  A yak (D:12)
  An orc wizard (Orc:1)
  3 bushes (D:6)
  2 foxfires (Swamp:3)
  17 fungi
  34 plants
  3 starspawn tentacles (Swamp:2)
65 creatures vanquished.

Grand Total: 1295 creatures vanquished

Notes
Turn   | Place    | Note
-------+----------+-------------------------------------------
     0 | D:1      | Warped the Merfolk Gladiator began the quest for the Orb.
     0 | D:1      | Reached XP level 1. HP: 16/16 MP: 1/1
    42 | D:1      | Reached XP level 2. HP: 15/22 MP: 2/2
   299 | D:1      | Found a faded altar of an unknown god.
   306 | D:1      | Got Plato's Omnibus of the Escort
   990 | D:2      | Reached XP level 3. HP: 17/28 MP: 3/3
  1006 | D:2      | Reached skill level 5 in Polearms
  1446 | D:2      | You fall into a shaft and drop 2 floors!
  1463 | D:4      | Found a shadowy altar of Dithmenos.
  1669 | D:3      | Reached XP level 4. HP: 34/34 MP: 4/4
  1787 | D:3      | Found a stormy altar of Qazlal.
  2047 | D:3      | Reached skill level 1 in Armour
  2056 | D:3      | Reached XP level 5. HP: 8/41 MP: 5/5
  2444 | D:3      | Noticed Natasha
  2458 | D:3      | Killed Natasha
  2512 | D:3      | Noticed Jessica
  2520 | D:3      | Killed Jessica
  2521 | D:3      | Reached skill level 5 in Dodging
  2599 | D:3      | Noticed Natasha
  2610 | D:3      | Killed Natasha
  2857 | D:4      | Reached XP level 6. HP: 41/48 MP: 6/6
  3551 | D:5      | Entered Level 5 of the Dungeon
  3672 | D:5      | Found a snail-covered altar of Cheibriados.
  3745 | D:5      | Found an iron altar of Okawaru.
  3819 | D:5      | Found a bloodstained altar of Trog.
  3829 | D:5      | Found a shimmering altar of Xom.
  3829 | D:5      | Found a burning altar of Makhleb.
  3870 | D:5      | Became a worshipper of Makhleb the Destroyer
  4037 | D:5      | Reached XP level 7. HP: 36/54 MP: 7/7
  4115 | D:5      | Identified the ring "Xakkywuf" {rCorr Int+2}
  4314 | D:5      | Reached skill level 6 in Dodging
  5103 | D:5      | Found a shimmering blue altar of Sif Muna.
  5145 | D:6      | Gained mutation: You are partially covered in iridescent
                  | scales. (AC +2) [potion of mutation]
  5145 | D:6      | Gained mutation: You are clumsy. (Dex -2) [potion of
                  | mutation]
  5145 | D:6      | Gained mutation: Your natural rate of healing is unusually
                  | fast. [potion of mutation]
  5154 | D:6      | Reached XP level 8. HP: 52/61 MP: 8/8
  5159 | D:6      | Reached skill level 5 in Fighting
  5185 | D:6      | Reached skill level 1 in Shields
  5294 | D:6      | Reached skill level 7 in Dodging
  5403 | D:6      | Reached * piety under Makhleb
  5505 | D:6      | Found a blossoming altar of Fedhas.
  5579 | D:6      | Reached skill level 10 in Polearms
  5853 | D:6      | Reached XP level 9. HP: 69/69 MP: 9/9
  5943 | D:6      | Reached skill level 8 in Dodging
  5994 | D:6      | Found the +1 Delatra's gloves {ID++}
  6174 | D:7      | Reached ** piety under Makhleb
  6347 | D:7      | Found a glowing silver altar of Zin.
  6490 | D:7      | Identified the +10 spear of Yzooxtale {flame, Fragile Int+3
                  | Dex+3 Stlth+}
  6514 | D:7      | Found a staircase to the Ecumenical Temple.
  6596 | D:7      | Found a white marble altar of Elyvilon.
  6597 | D:7      | Found a glowing golden altar of the Shining One.
  6703 | D:8      | Found a radiant altar of Vehumet.
  6740 | D:8      | Reached skill level 9 in Dodging
  7020 | D:8      | Reached XP level 10. HP: 76/76 MP: 10/10
  7241 | D:8      | Reached skill level 10 in Dodging
  7674 | D:9      | Reached *** piety under Makhleb
  7758 | D:9      | Noticed GigaChad's ghost (novice FoFi)
  7760 | D:9      | Noticed Maurice
  7804 | D:9      | Killed Maurice
  7805 | D:9      | Found a runed translucent door.
  8318 | D:9      | Killed GigaChad's ghost
  8353 | D:10     | Entered Level 10 of the Dungeon
  8417 | D:10     | Reached skill level 11 in Dodging
  8417 | D:10     | Reached XP level 11. HP: 81/81 MP: 11/11
  8425 | D:10     | Reached skill level 15 in Polearms
  8490 | D:10     | Noticed Gastronok
  8521 | D:10     | Killed Gastronok
  8522 | D:10     | Reached skill level 5 in Armour
  8551 | D:10     | Found a transporter.
  8553 | D:10     | Noticed Orangeyouglad's ghost (journeyman HuRe)
  8577 | D:10     | Found a transporter.
  8647 | D:10     | Reached skill level 1 in Invocations
  8661 | D:10     | Found a staircase to the Lair.
  8739 | D:10     | Found a hide-covered altar of Uskayaw.
  8917 | D:10     | Reached skill level 1 in Evocations
  8938 | D:10     | Reached **** piety under Makhleb
  9094 | Lair:1   | Entered Level 1 of the Lair of Beasts
  9141 | Lair:1   | Reached skill level 12 in Dodging
  9390 | Lair:1   | Reached XP level 12. HP: 88/91 MP: 14/14
  9794 | Lair:1   | Found the +5 robe of Misfortune {Harm *Corrode *Slow EV+5}
  9998 | Lair:2   | Found a staircase to the Swamp.
 10111 | Lair:2   | Reached skill level 13 in Dodging
 10113 | Lair:2   | Reached ***** piety under Makhleb
 10135 | Lair:2   | Reached skill level 5 in Invocations
 10344 | Lair:2   | Noticed a skyshark
 10366 | Lair:2   | Killed a skyshark
 10367 | Lair:2   | Reached skill level 5 in Evocations
 10417 | Lair:2   | Got the Elucidation of the Tropics and Command
 10420 | Lair:2   | Lost mutation: Your natural rate of healing is unusually
                  | fast. [potion of mutation]
 10420 | Lair:2   | Lost mutation: You are partially covered in iridescent
                  | scales. (AC +2) [potion of mutation]
 10420 | Lair:2   | Lost mutation: You are clumsy. (Dex -2) [potion of
                  | mutation]
 10420 | Lair:2   | Gained mutation: You are covered in fur. (AC +1) [potion of
                  | mutation]
 10420 | Lair:2   | Gained mutation: You have a pair of small antennae on your
                  | head. [potion of mutation]
 10420 | Lair:2   | Gained mutation: Your mind is acute. (Int +4, Str/Dex -1)
                  | [potion of mutation]
 10420 | Lair:2   | Gained mutation: Your mind is very acute. (Int +8, Str/Dex
                  | -2) [potion of mutation]
 10772 | D:10     | Killed Orangeyouglad's ghost
 10788 | D:10     | Lost mutation: You have a pair of small antennae on your
                  | head. [potion of mutation]
 10788 | D:10     | Lost mutation: Your mind is very acute. (Int +8, Str/Dex
                  | -2) [potion of mutation]
 10788 | D:10     | Gained mutation: You are vulnerable to cold. (rC-) [potion
                  | of mutation]
 10788 | D:10     | Gained mutation: Your spells are a little harder to cast,
                  | but a little more powerful. [potion of mutation]
 10860 | Lair:3   | Noticed a catoblepas
 10871 | Lair:3   | Killed a catoblepas
 10902 | Lair:3   | Found a hole to the Spider Nest.
 11050 | Lair:3   | Noticed a boulder beetle
 11072 | Lair:3   | Killed a boulder beetle
 11073 | Lair:3   | Reached XP level 13. HP: 88/101 MP: 17/17
 11371 | Lair:3   | Found a transporter.
 11468 | Lair:3   | Found a transporter.
 11895 | Lair:4   | Reached skill level 14 in Dodging
 12266 | Lair:4   | Found a staircase to the Slime Pits.
 12345 | Lair:4   | Noticed Sonja
 12349 | Lair:4   | Killed Sonja
 12442 | Lair:4   | Reached skill level 10 in Fighting
 13240 | Lair:3   | Identified the +1 war axe of Qosiz {drain, Dex+2}
 13241 | Lair:3   | Identified the +2 cloak of the Brewing Gods {rElec rF+
                  | Regen+ SInv}
 13641 | Lair:5   | Entered Level 5 of the Lair of Beasts
 13674 | Lair:5   | Reached skill level 15 in Dodging
 13888 | Lair:5   | Identified the +0 robe "Iloereah" {rF+}
 13905 | Lair:5   | Found a corrupted altar of Lugonu.
 13905 | Lair:5   | Found a one-way gate to the infinite horrors of the Abyss.
 13914 | Lair:5   | Paralysed by a floating eye for 3 turns
 14172 | Lair:5   | Found a broken altar of Ashenzari.
 14327 | Lair:5   | Reached XP level 14. HP: 113/113 MP: 18/18
 14860 | Lair:5   | Reached ****** piety under Makhleb
 14889 | Lair:5   | HP: 5/113 [blink frog (9)]
 15037 | Lair:5   | Reached skill level 16 in Dodging
 15507 | Lair:5   | Learned a level 1 spell: Foxfire
 15510 | Lair:5   | Learned a level 2 spell: Blink
 15864 | D:11     | Found a staircase to the Orcish Mines.
 16409 | D:11     | Found the +8 trident of the Octopus King {venom, rElec
                  | rPois}
 16896 | D:12     | Found a snail-covered altar of Cheibriados.
 17275 | D:12     | Reached skill level 17 in Dodging
 17541 | D:12     | Reached XP level 15. HP: 84/122 MP: 19/19
 17729 | Orc:1    | Entered Level 1 of the Orcish Mines
 18070 | Orc:2    | Entered Level 2 of the Orcish Mines
 18628 | Orc:2    | Found a staircase to the Elven Halls.
 18815 | Orc:2    | Found a radiant altar of Vehumet.
 19376 | Orc:2    | Found Rugyil's Magic Scroll Boutique.
 19376 | Orc:2    | Found Tuxkuxki's Distillery.
 19378 | Orc:2    | Found Vyekk's Weapon Emporium.
 19378 | Orc:2    | Found Zieni's Jewellery Boutique.
 19396 | Orc:2    | Bought a scroll of blinking for 97 gold pieces
 19396 | Orc:2    | Bought a scroll of blinking for 97 gold pieces
 19399 | Orc:2    | Bought a +2 war axe of flaming for 274 gold pieces
 19401 | Orc:2    | Bought a potion of curing for 45 gold pieces
 19401 | Orc:2    | Bought a potion of resistance for 150 gold pieces
 19401 | Orc:2    | Bought a potion of curing for 45 gold pieces
 19401 | Orc:2    | Bought a potion of heal wounds for 75 gold pieces
 19622 | D:13     | Reached skill level 18 in Dodging
 19808 | D:13     | Lost mutation: Your mind is acute. (Int +4, Str/Dex -1)
                  | [potion of mutation]
 19808 | D:13     | Lost mutation: Your spells are a little harder to cast, but
                  | a little more powerful. [potion of mutation]
 19808 | D:13     | Lost mutation: You are vulnerable to cold. (rC-) [potion of
                  | mutation]
 19808 | D:13     | Gained mutation: Potions are less effective at restoring
                  | your health. [potion of mutation]
 19808 | D:13     | Gained mutation: You are covered in thick fur. (AC +2)
                  | [potion of mutation]
 19957 | Orc:2    | Bought a potion of invisibility for 120 gold pieces
 19957 | Orc:2    | Bought a potion of mutation for 120 gold pieces
 19957 | Orc:2    | Bought a potion of invisibility for 120 gold pieces
 19957 | Orc:2    | Lost mutation: Potions are less effective at restoring your
                  | health. [potion of mutation]
 19957 | Orc:2    | Lost mutation: You are covered in thick fur. (AC +2)
                  | [potion of mutation]
 19957 | Orc:2    | Gained mutation: You are vulnerable to cold. (rC-) [potion
                  | of mutation]
 19957 | Orc:2    | Lost mutation: You are covered in fur. (AC +1) [potion of
                  | mutation]
 19957 | Orc:2    | Gained mutation: You are agile. (Dex +4, Str/Int -1)
                  | [potion of mutation]
 20616 | D:13     | Found a gate to the Vaults.
 20747 | D:14     | Found Boco's Vocational Training.
 20748 | D:14     | Found Efyuruku's Armour Boutique.
 20748 | D:14     | Noticed Rupert
 20893 | D:14     | Found Hyblogulyo's General Store.
 20903 | D:14     | Bought 2 potions of heal wounds for 170 gold pieces
 20903 | D:14     | Bought a potion of curing for 51 gold pieces
 20997 | D:14     | Reached skill level 19 in Dodging
 21025 | D:14     | Noticed Louise
 21034 | Abyss:2  | Cast into level 2 of the Abyss (Louise)
 21068 | Abyss:2  | Found a corrupted altar of Lugonu.
 21068 | Abyss:2  | Noticed a daeva
 21102 | Abyss:2  | Killed a daeva
 21177 | Abyss:2  | Noticed an Executioner
 21191 | Abyss:2  | Killed an Executioner
 21379 | Abyss:2  | Noticed an angel
 21404 | Abyss:2  | Killed an angel
 21622 | Abyss:2  | Reached skill level 20 in Dodging
 21622 | Abyss:2  | Reached skill level 5 in Shields
 21852 | D:14     | Escaped the Abyss
 21878 | D:14     | Killed Louise
 21966 | D:15     | Entered Level 15 of the Dungeon
 22056 | D:14     | Killed Rupert
 22057 | D:14     | Reached XP level 16. HP: 102/124 MP: 20/20
 22232 | D:14     | Found Iffiduri's Antique Weapon Shop.
 22321 | D:14     | Found Kobruimo's Book Shop.
 22339 | D:14     | Found Setauki's General Store.
 22936 | D:15     | Found a staircase to the Depths.
 23144 | D:15     | Reached skill level 10 in Armour
 23231 | D:15     | Noticed Josephine
 23241 | D:15     | Killed Josephine
 23280 | D:15     | Found Vivimm's Armour Emporium.
 23385 | D:15     | Found Nuav's Antique Weapon Boutique.
 23740 | Swamp:1  | Entered Level 1 of the Swamp
 23993 | Swamp:1  | Found a burning altar of Makhleb.
 24744 | Swamp:1  | Upgraded the game from 0.30-a0-1114-gd936c97349 to
                  | 0.30-a0-1116-gebefce21f7
 24861 | Swamp:2  | Noticed a fenstrider witch
 24874 | Swamp:2  | Killed a fenstrider witch
 25115 | Swamp:2  | Noticed Mlioglotl
 25124 | Swamp:2  | Noticed a tentacled starspawn
 25125 | Swamp:2  | Noticed a bone dragon
 25138 | Swamp:2  | Killed Mlioglotl
 25139 | Swamp:2  | Reached XP level 17. HP: 126/138 MP: 23/23
 25427 | Swamp:3  | Identified the ring "Xaclamupt" {rC- rN+ Dex+2 SInv}
 25598 | Swamp:3  | Reached skill level 21 in Dodging
 26015 | Swamp:4  | Entered Level 4 of the Swamp
 26487 | Swamp:4  | Noticed the 27-headed Lernaean hydra
 26895 | Swamp:4  | Got a decaying rune of Zot
 26924 | Swamp:4  | Killed the 27-headed Lernaean hydra
 26974 | Swamp:4  | Upgraded the game from 0.30-a0-1116-gebefce21f7 to
                  | 0.30-a0-1123-gabc949cf19
 27095 | Spider:1 | Entered Level 1 of the Spider Nest
 27523 | Spider:1 | Reached XP level 18. HP: 148/148 MP: 24/24
 27580 | Spider:1 | Reached skill level 10 in Shields
 28018 | Spider:1 | Reached skill level 15 in Fighting
 28151 | Spider:1 | Found a transporter.
 28155 | Spider:1 | Noticed kougar's ghost (journeyman MiFi)
 28160 | Spider:1 | Found a transporter.
 28773 | Spider:2 | Noticed Arachne
 28838 | Spider:2 | Killed Arachne
 29102 | Spider:2 | Reached skill level 22 in Dodging
 30551 | Spider:4 | Entered Level 4 of the Spider Nest
 30680 | Swamp:1  | Upgraded the game from 0.30-a0-1123-gabc949cf19 to
                  | 0.30-a0-1124-g6e8f0f562f
 31709 | Spider:4 | Reached XP level 19. HP: 157/157 MP: 25/25
 32160 | Spider:4 | Lost mutation: You are agile. (Dex +4, Str/Int -1) [potion
                  | of mutation]
 32160 | Spider:4 | Lost mutation: You are vulnerable to cold. (rC-) [potion of
                  | mutation]
 32160 | Spider:4 | Gained mutation: You are weak. (Str -2) [potion of
                  | mutation]
 32160 | Spider:4 | Gained mutation: Your flesh is heat resistant. (rF+)
                  | [potion of mutation]
 32160 | Spider:4 | Gained mutation: You are robust. (+10% HP) [potion of
                  | mutation]
 32277 | Spider:4 | Got a gossamer rune of Zot
 32514 | Spider:4 | Lost mutation: You are weak. (Str -2) [potion of mutation]
 32514 | Spider:4 | Lost mutation: You are robust. (+10% HP) [potion of
                  | mutation]
 32514 | Spider:4 | Gained mutation: Your body sometimes deteriorates upon
                  | taking damage. [potion of mutation]
 32514 | Spider:4 | Gained mutation: Your flesh is very heat resistant. (rF++)
                  | [potion of mutation]
 33004 | Spider:4 | Lost mutation: Your body sometimes deteriorates upon taking
                  | damage. [potion of mutation]
 33004 | Spider:4 | Lost mutation: Your flesh is very heat resistant. (rF++)
                  | [potion of mutation]
 33004 | Spider:4 | Gained mutation: Your muscles are strong. (Str +4, Int/Dex
                  | -1) [potion of mutation]
 33264 | Vaults:1 | Entered Level 1 of the Vaults
 34210 | Vaults:1 | Reached skill level 23 in Dodging
 34460 | Vaults:1 | Identified a scroll of acquirement
 34460 | Vaults:1 | Acquired a +7 demon trident of venom
 35564 | Vaults:2 | Reached XP level 20. HP: 163/166 MP: 26/26
 35648 | Vaults:2 | Identified the +3 chain mail "Uhihoec" {Str+2}
 36178 | Vaults:2 | Identified the +1 scale mail of the Demonic God {rPois}
 36375 | Vaults:3 | Noticed Margery
 36410 | Vaults:3 | Killed Margery
 36552 | Vaults:3 | Noticed Sojobo
 36556 | Vaults:3 | Paralysed by an air elemental for 1 turns
 36568 | Vaults:3 | Paralysed by an air elemental for 1 turns
 36573 | Vaults:3 | Paralysed by an air elemental for 1 turns
 36576 | Vaults:3 | Paralysed by an air elemental for 1 turns
 36579 | Vaults:3 | Paralysed by an air elemental for 1 turns
 36582 | Vaults:3 | Paralysed by an air elemental for 1 turns
 36969 | Vaults:3 | Reached skill level 15 in Shields
 37191 | Vaults:3 | Noticed Mennas
 37200 | Vaults:3 | Paralysed by a great orb of eyes for 2 turns
 37250 | Vaults:3 | HP: 6/168 [Mennas/+1 eudemon blade of holy wrath (31)]
 37251 | Vaults:3 | Mangled by Mennas

Illustrated notes

Levels and vault maps discovered:
D:1:      tarquinn_simple_flora_water_d, layout_basic,
          shapermc_ecumenical_altar_rom_forum, serial_forest,
          infiniplex_forest_lined_room_3, infiniplex_forest_end_2,
          infiniplex_forest_clump_diagonal, infiniplex_forest_3_way,
          infiniplex_forest_lined_2, infiniplex_forest_zigzag_1,
          infiniplex_forest_straight_3
D:2:      layout_rooms
D:3:      layout_basic, nicolae_qazlal_scattered_showers,
          kennysheep_generic_room_14, uniq_natasha, uniq_jessica
D:4:      layout_basic, nicolae_dithmenos_shadow_blocks
D:5:      minmay_evil_eye, layout_loops_ring,
          grunt_temple_overflow_champion_of_chaos, led_sif_pool,
          mainiacjoe_overflow_six_doors_small, mainiacjoe_overflow_paths,
          bloody_trog
D:6:      layout_loops_cross, fedhas_altar_decomposition,
          pf_guarded_unrand_delatra
D:7:      layout_rooms, good_gods_temple_1, minmay_temple_entry_proselytizer
D:8:      layout_cave_pods, vehumet_statue
D:9:      layout_rooms, hellmonk_ghost_happy_afterlife, grunt_decor_resistance,
          chequers_avenue, kennysheep_generic_room_5, uniq_maurice
D:10:     layout_small_grid, mainiacjoe_overflow_cross_hatched,
          grunt_lair_entry_orc_guard_hut, gammafunk_ghost_stat_death,
          uniq_gastronok
D:11:     layout_stronghold, minmay_orc_entry_temple_small
D:12:     minmay_inner_zag, layout_loops_ring, slow_altar_1
D:13:     layout_small_grid, david_vaults_5, minmay_misc_feat_tower, drop_trap
D:14:     layout_grid_maze, serial_shops, shop, nicolae_shop_overgrown_old_shop,
          shop, shop, shop, nicolae_shop_vocational, uniq_louise, uniq_rupert
D:15:     gammafunk_enter_depths_forms, layout_basic, serial_shops, shop,
          nicolae_shop_getting_attention, uniq_josephine
Lair:1:   layout_regular_city
Lair:2:   layout_long_grid, skrybe_swamp_entry_bodies, minmay_lair_oklob_items,
          lemuel_fruit_fields
Lair:3:   gammafunk_cloud_chamber, layout_cellular_growth,
          spider_nest_entry_web_field, kennysheep_catoblepas_arena,
          serial_bayou_shore_b
Lair:4:   hellmonk_destroyed_diamonds, layout_regular_city,
          nicolae_slime_entry_field_trip, serial_bayou_pond_c,
          nicolae_lair_yak_garden, uniq_sonja
Lair:5:   hellmonk_lair_end_abyssal_woods, layout_regular_city, basic_altar,
          chequers_serial_rivers_micro_b, nicolae_quartered_pool_super
Swamp:1:  layout_basic_swamp, evilmike_swamp_ruin_house_2, swamp_pool5,
          nicolae_swamp_godswood
Swamp:2:  layout_basic_swamp, hangedman_swamp_ruin_wall, uniq_mlioglotl
Swamp:3:  layout_basic_swamp, nicolae_swamp_tree_isthmus, swamp_pool2,
          infiniplex_staircase_pool
Swamp:4:  swamp_old_school, layout_basic_swamp
Spider:1: layout_spider_delve, gammafunk_ghost_mausoleum,
          hangedman_spider_mandibles
Spider:2: layout_spider_delve, nicolae_spider_circle_web,
          nicolae_spider_world_wide_web, uniq_arachne
Spider:3: layout_spider_delve, nicolae_spider_webbed_stairs
Spider:4: guppyfry_spider_rune, beargit_elvish_explorers
Orc:1:    layout_diamond_mine
Orc:2:    grunt_orc_tribal_feast, layout_diamond_mine, basic_altar, mines1_david
Vaults:1: vaults_room_stairs_pillars, v_misc_2, vaults_room_octagon,
          v_pattern_5, nicolae_vaults_specimen_jars, ontoclasm_vaults_spin,
          hangedman_vaults_capsules, vaults_room_glass_cross, v_misc_16,
          layout_vaults_quadrants
Vaults:2: grunt_vaults_diagonal, vaults_room_stairs_pillars,
          nicolae_vaults_shelves_hall, hangedman_vaults_nails, v_rooms_2,
          nicolae_vaults_puzzle_piece, vaults_room_pool, vaults_room_pools,
          layout_vaults_chaotic_city
Vaults:3: v_pattern_4, ontoclasm_vaults_fault, minmay_crypt_entry_simple_plaza,
          vaults_dpeg_spiral, nicolae_vaults_little_squares_2,
          grunt_vaults_swirl, ontoclasm_vaults_hangar,
          nicolae_vaults_windows_and_doors_thing, vaults_room_fours,
          vaults_standard_mumra_enter_the_diamond, vaults_mumra_hexcomb,
          vaults_room_semicircle, ontoclasm_vaults_gateway,
          layout_vaults_omnibox, uniq_mennas, uniq_margery, uniq_sojobo

Skill      XL: |  1  2  3  4  5  6  7  8  9 10 11 12 13 14 15 16 17 18 19 20 |
---------------+-------------------------------------------------------------+-----
Polearms       | 5 6 7 9 10 12 14 15 17 18 | 18.4
Fighting       | 3 4 6 7 9 11 12 13 14 15 16 17 | 17.1
Armour         | 1 2 4 5 6 8 9 10 11 12 | 12.6
Dodging        | 5 6 7 9 11 12 13 15 17 20 21 22 23 | 23.5
Shields        | 2 3 5 7 9 12 14 15 | 15.1
Invocations    | 3 6 8 9 |  9.1
Evocations     | 3 5 7 8 |  8.2
Throwing       | |  2.0

Action                     |  1- 3 |  4- 6 |  7- 9 | 10-12 | 13-15 | 16-18 | 19-21 || total
---------------------------+-------+-------+-------+-------+-------+-------+-------++-------
  Melee: Trident           |   335 |   222 |   445 |   682 |  1803 |  2596 |  1218 ||  7301
         Punch             |     6 |     3 |     4 |    10 |    30 |       |       ||    53
         Tailslap          |       |       |       |       |     2 |   131 |    26 ||   159
         War axe           |       |       |       |       |       |    62 |       ||    62
         Demon trident     |       |       |       |       |       |       |   263 ||   263
  Throw: Throwing net      |       |     2 |     1 |       |     1 |     2 |       ||     6
 Invoke: Lesser Servant of |       |       |       |       |     2 |     3 |     1 ||     6
  Evoke: Wand              |       |       |     5 |    21 |    13 |    19 |       ||    58
         Phantom mirror    |       |       |       |       |     2 |     1 |     1 ||     4
         Lightning rod     |       |       |       |       |     2 |     1 |     3 ||     6
         Box of beasts     |       |       |       |       |     1 |     1 |     1 ||     3
    Use: Scroll            |    11 |     2 |     6 |     5 |    12 |    10 |     6 ||    52
         Potion            |       |     1 |    11 |     6 |    16 |     6 |     9 ||    49
   Stab: Held in net/web   |       |     1 |     1 |       |     3 |     7 |       ||    12
         Sleeping          |       |       |       |     1 |     2 |     8 |       ||    11
         Petrified         |       |       |       |     4 |    12 |       |       ||    16
         Distracted        |       |       |       |       |     9 |     3 |     1 ||    13
         Petrifying        |       |       |       |       |     2 |       |       ||     2
         Confused          |       |       |       |       |       |     1 |       ||     1
 Armour: Ring mail         |     3 |       |       |       |       |       |       ||     3
         Scale mail        |    21 |    54 |       |       |       |       |       ||    75
         Chain mail        |       |    21 |   168 |       |       |       |       ||   189
         Steam dragon scal |       |       |    30 |    51 |       |       |       ||    81
         Skin              |       |       |    19 |       |       |       |       ||    19
         Acid dragon scale |       |       |       |   117 |   375 |    64 |       ||   556
         Swamp dragon scal |       |       |       |       |       |   218 |       ||   218
         Pearl dragon scal |       |       |       |       |       |    30 |   243 ||   273
  Dodge: Dodged            |    53 |    75 |   176 |   565 |  1778 |  2391 |   814 ||  5852
  Block: Other             |       |    12 |    90 |   153 |   398 |       |       ||   653
         Reflection        |       |       |     5 |     3 |     9 |    38 |    35 ||    90
         Kite shield       |       |       |       |       |     9 |  2966 |  1310 ||  4285

Table legend: (Time is in decaauts)
 A = Elapsed time spent in this place.
 B = Non-inter-level travel time spent in this place.
 C = Inter-level travel time spent in this place.
 D = Time resting spent in this place.
 E = Time spent auto-exploring this place.
 F = Levels seen in this place.
 G = Mean time per level.
                   A        B        C        D        E       F      G
               +--------+--------+--------+--------+--------+-----+--------+
         Total |  35255 |  32557 |   2698 |   2018 |  20635 |  34 | 1036.9 |
       Dungeon |  14480 |  13417 |   1063 |    244 |   9559 |  15 |  965.3 |
          Lair |   6548 |   5799 |    749 |    782 |   3396 |   5 | 1309.6 |
         Swamp |   2802 |   2632 |    170 |    238 |   1345 |   4 |  700.5 |
   Spider Nest |   5395 |   5022 |    373 |    306 |   2850 |   4 | 1348.8 |
  Orcish Mines |   1705 |   1391 |    314 |     67 |    922 |   2 |  852.5 |
        Vaults |   3620 |   3594 |     26 |    349 |   2223 |   3 | 1206.7 |
         Abyss |    701 |    701 |      0 |     32 |    338 |   1 |  701.0 |
               +--------+--------+--------+--------+--------+-----+--------+

Top non-repeatable levels by time:
Spider:4: 2055 daAuts
  Lair:5: 1919 daAuts
  Lair:3: 1721 daAuts
Vaults:1: 1628 daAuts
     D:5: 1558 daAuts
Spider:2: 1523 daAuts
     D:3: 1229 daAuts
    D:12: 1201 daAuts
    D:11: 1193 daAuts
   Orc:2: 1190 daAuts
Vaults:2: 1181 daAuts
Spider:1: 1158 daAuts
  Lair:4: 1136 daAuts
    D:14: 1012 daAuts
    D:13: 1001 daAuts
